 Dungeon Crawl Stone Soup version 0.31.0-9-g3a7656b989 (webtiles) character file.

Game seed: 9593605225266788065

437 Gottschkopf the Chopper (level 6, -7/53 HPs)
             Began as a Minotaur Fighter on Jan 26, 2024.
             Was a Follower of Yredelemnul.
             Killed from afar by Dowan (10 damage)
             ... with a shard of ice
             ... on level 4 of the Dungeon.
             The game lasted 00:06:48 (2503 turns).

Gottschkopf the Chopper (Minotaur Fighter)          Turns: 2503, Time: 00:06:48

Health: -7/53      AC: 10    Str: 22    XL:     6   Next: 69%
Magic:  5/5        EV:  8    Int:  5    God:    Yredelemnul [*.....]
Gold:   193        SH:  4    Dex: 10    Spells: 5/5 levels left

rFire   . . .        i - +0 hand axe (elec)
rCold   . . .        c - +0 buckler
rNeg    . . .        n - +0 chain mail
rPois   .            (helmet restricted)
rElec   .            (no cloak)
rCorr   .            (no gloves)
SInv    .            l - +0 pair of boots
Will    .....        (no amulet) Stlth
                     (no ring)
HPRegen 0.28/turn    (no ring)
MPRegen 0.09/turn

%: no passive effects
@: no status effects
A: horns 2, retaliatory headbutt
a: Renounce Religion, Recall Undead Harvest


You were on level 4 of the Dungeon.
You worshipped Yredelemnul.
Yredelemnul was noncommittal.
You visited 1 branch of the dungeon, and saw 4 of its levels.

You collected 193 gold pieces.

Inventory:

Hand Weapons
 i - a +0 hand axe of electrocution (weapon)
Missiles
 u - a throwing net (quivered)
Armour
 c - a +0 buckler (worn)
 l - a +0 pair of boots (worn)
 n - a +0 chain mail (worn)
Wands
 t - a wand of roots (17)
Scrolls
 a - a scroll of poison {unknown}
 b - a scroll of teleportation {unknown}
 f - 2 scrolls of identify {unknown}
 k - a scroll of fog {unknown}
 q - a scroll of fear {unknown}
 r - a scroll of blinking {unknown}
 s - a scroll of enchant weapon {unknown}
 v - a scroll of revelation {unknown}
 w - 2 scrolls of noise {unknown}
Potions
 d - 2 potions of might
 e - a potion of heal wounds {unknown}
 g - 2 potions of degeneration {unknown}
 h - 2 potions of attraction {unknown}
 j - 2 potions of brilliance {unknown}
 m - a potion of curing {unknown}
 o - a potion of ambrosia {unknown}
 p - a potion of lignification {unknown}


   Skills:
 + Level 4.4 Fighting
 + Level 6.8(7.1) Axes
 - Level 2.8(5.2) Maces & Flails
 + Level 4.4 Armour
 + Level 4.4 Shields


You had 5 spell levels left.
You didn't know any spells.
Your spell library was empty.

Dungeon Overview and Level Annotations

Branches:
Dungeon (4/15)
 Temple: D:4-7

Altars:
Dithmenos
Yredelemnul

Annotations:
D:4 Dowan


Innate Abilities, Weirdness & Mutations

You have a pair of horns on your head.
You reflexively headbutt those who attack you in melee.


Message History

You block the shard of ice.
Your goblin zombie barely misses Dowan.
Your hound zombie bites Dowan.
You hit Dowan but do no damage. Lightning courses through Dowan!
Dowan is almost dead.
Dowan casts a spell.
Dowan blinks!
Dowan casts a spell at you. The stone arrow hits you!
Dowan zaps a wand.
The puff of flame hits you.
* * * LOW HITPOINT WARNING * * *
Dowan is nearby!
Dowan zaps a wand.
The puff of flame misses your goblin zombie.
The puff of flame hits you but does no damage.
Your goblin zombie barely misses Dowan.
Your hobgoblin zombie hits Dowan but does no damage.
Dowan hits your goblin zombie with a +0 dagger.
You swap places.
A goblin comes into view. It is wielding a +0 club.
The goblin shouts!
Dowan zaps a wand.
The puff of flame hits you!
* * * LOW HITPOINT WARNING * * *
The goblin moves out of view.
You barely miss Dowan.
Dowan is almost dead.
Dowan zaps a wand.
The puff of flame hits you but does no damage.
Your hobgoblin zombie hits Dowan.
You closely miss Dowan.
Dowan is almost dead.
Dowan zaps a wand.
The puff of flame hits you.
* * * LOW HITPOINT WARNING * * *
Your hobgoblin zombie barely misses Dowan.
Dowan barely misses you.
You closely miss Dowan.
Dowan is almost dead.
Dowan points at you and mumbles some strange words.
The shard of ice hits you!
You die...
Your body rises from the dead as a mindless zombie.

#...................
#...............#..#
#.........)....)#...
#...................
#######...................
#.)..........................
#........:.Z.....#.....###..#
#.#........Z##.#............#
#.#########Z@Z.###...........
#.# ###e.# ##.........# #.#
#...............# #.#
##..###.......>.. ##<# #g#
.........# #)e# .. ..........
#e## .. ......... #.# ..#
......... ... .........


You could see Dowan (fast, ally target), a goblin, 2 friendly goblin zombies, a
friendly hobgoblin zombie and the friendly Duvessa the elf zombie.

Vanquished Creatures
  Grinder (D:3)
  Duvessa (D:4)
  2 hounds (D:4)
  4 adders
  2 dart slugs
  A ribbon worm (D:3)
  6 ball pythons
  8 bats
  4 endoplasms
  2 giant cockroaches
  8 goblins
  A hobgoblin (D:1)
  3 jackals (D:2)
  4 kobolds
  8 frilled lizards
  7 rats
62 creatures vanquished.

Vanquished Creatures (collateral kills)
  2 endoplasms
  A hobgoblin (D:4)
  A kobold (D:4)
4 creatures vanquished.

Vanquished Creatures (others)
  3 bat zombies
  A ball python zombie (D:4)
  A rat zombie (D:3)
5 creatures vanquished.

Grand Total: 71 creatures vanquished

Notes
Turn   | Place    | Note
-------+----------+-------------------------------------------
     0 | D:1      | Gottschkopf the Minotaur Fighter began the quest for the
                  | Orb.
     0 | D:1      | Reached XP level 1. HP: 19/19 MP: 0/0
   243 | D:1      | Reached XP level 2. HP: 18/27 MP: 1/1
   500 | D:1      | Found a faded altar of an unknown god.
   507 | D:1      | Prayed at the altar of an unknown god.
   507 | D:1      | Became a worshipper of Yredelemnul the Dark
   507 | D:1      | Reached * piety under Yredelemnul
   551 | D:1      | Reached skill level 1 in Axes
   623 | D:1      | Reached ** piety under Yredelemnul
  1024 | D:2      | Reached XP level 3. HP: 33/33 MP: 2/2
  1070 | D:2      | Reached skill level 2 in Axes
  1230 | D:2      | Reached skill level 3 in Axes
  1234 | D:2      | Reached XP level 4. HP: 38/40 MP: 3/3
  1817 | D:3      | Reached skill level 4 in Axes
  2098 | D:3      | Noticed Grinder
  2104 | D:3      | Paralysed by Grinder for 4 turns
  2134 | D:3      | Killed Grinder
  2135 | D:3      | Reached skill level 6 in Axes
  2135 | D:3      | Reached XP level 5. HP: 17/46 MP: 4/4
  2135 | D:3      | Reached XP level 6. HP: 19/52 MP: 5/5
  2297 | D:4      | Noticed Duvessa
  2297 | D:4      | Noticed Dowan
  2342 | D:4      | Found a shadowy altar of Dithmenos.
  2482 | D:4      | Killed Duvessa
  2503 | D:4      | Killed from afar by Dowan

Illustrated notes

Levels and vault maps discovered:
D:1:      noname_arrival_rooms_in_the_neighbourhood, layout_basic,
          basic_ecumenical_altar
D:2:      layout_basic
D:3:      layout_basic, uniq_grinder
D:4:      layout_rooms, amcnicky_altar_gilded, uniq_duvessa

Skill      XL: |  1  2  3  4  5  6 |
---------------+-------------------+-----
Axes           | 1 3 6 |  6.8
Fighting       | 4 |  4.4
Armour         | 4 |  4.4
Shields        | 4 |  4.4
Maces & Flails | |  2.8

Action                     |  1- 3 |  4- 6 || total
---------------------------+-------+-------++-------
  Melee: Flail             |    29 |       ||    29
         Headbutt          |    12 |     4 ||    16
         Hand axe          |    41 |    62 ||   103
   Stab: Distracted        |       |     2 ||     2
 Armour: Scale mail        |    38 |       ||    38
         Chain mail        |    14 |    52 ||    66
  Dodge: Dodged            |    35 |    16 ||    51
  Block: Buckler           |    11 |    11 ||    22
